 Dungeon Sprint DCSS version 0.30.1-11-g7821555f0a (webtiles) character file.

Game seed: 15745174370874216028

20046 Groucho the Imperceptible (level 12, -22/69 HPs)
             Began as a Felid Berserker on Nov 21, 2023.
             Was a High Priest of Trog.
             Annihilated by Mara
             ... wielding a +4 demon blade of freezing
              (25 damage)
             ... in the Dungeon (Sprint III: "The Ten Rune Challenge").
             The game lasted 00:17:14 (6513 turns).

Groucho the Imperceptible (Felid Berserker)         Turns: 6513, Time: 00:17:14

Health: -22/69     AC:  5    Str: 13    XL:     12   Next: 41%
Magic:  13/13      EV: 38    Int:  9    God:    Trog [*****.]
Gold:   132        SH:  0    Dex: 20    Spells: 11/11 levels left
                                        Lives:  0   Deaths: 2

rFire   . .          .
                       - Unarmed
rCold   + . .        (shield unavailable)
rNeg    . . .        (body armour unavailable)
rPois   .            (helmet unavailable)
rElec   .            (cloak unavailable)
rCorr   .            (gloves unavailable)
SInv    +            (boots unavailable)
Will    +++..        (no amulet)
Stlth   +++++++++    (no ring)
HPRegen 1.31/turn    (no ring)
MPRegen 0.13/turn

%: no teleportation
@: strong-willed, on berserk cooldown, regenerating, slowed, slow
A: very small, claws 1, fangs 3, see invisible, speed 1, shaggy fur 3, stealthy
paws, no weapons or thrown items, no armour, multi-lived, iridescent scales 1
a: Renounce Religion, Berserk, Trog's Hand, Brothers in Arms


You were in the Dungeon.
You worshipped Trog.
Trog was extremely pleased with you.
You visited 1 branch You collected 132 gold pieces.

Inventory:

Jewellery
 j - an amulet of faith
Wands
 c - a wand of quicksilver (8)
 l - a wand of paralysis (11)
Scrolls
 f - a scroll of blinking
 h - 2 scrolls of torment {unknown}
 i - 4 scrolls of identify
Potions
 a - 2 potions of curing
 b - 3 potions of heal wounds
 d - 2 potions of magic
 e - 2 potions of berserk rage
 g - a potion of mutation
 k - 3 potions of brilliance
 m - 2 potions of might


   Skills:
 + Level 18.1 Fighting
 + Level 22.8 Dodging
 + Level 25.8 Stealth
 + Level 18.1 Unarmed Combat
 + Level 9.3 Evocations


You had 11 spell levels left.
You didn't know any spells.
Your spell library was empty.

Dungeon Overview and Level Annotations

Branches:
Dungeon (1/1)

Altars:
Cheibriados
Dithmenos
Elyvilon
Fedhas
Gozag
Hepliaklqana
Kikubaaqudgha
Makhleb
Nemelex Xobeh
Okawaru
Qazlal
Ru
Sif Muna
Trog
Uskayaw
Vehumet
Wu Jian
Xom
Yredelemnul
Zin
The Shining One
Jiyva
Lugonu

Shops:
D [(:=(:=?!!(

Annotations:
D Chuck, Mara


Innate Abilities, Weirdness & Mutations

You have sharp claws.
You have razor-sharp teeth.
You have supernaturally acute eyesight. (SInv)
You cover ground quickly. (Speed+)
Your thick and shaggy fur keeps you warm. (AC +3, rC+)
Your paws help you pounce on unaware monsters.
You are incapable of wielding weapons or throwing items.
You cannot wear armour.
You gain extra lives every three experience levels.
You are partially covered in iridescent scales. (AC +2)


Message History

Mara freezes your iron troll.
Your iron troll barely misses Mara.
Your iron troll claws Mara!!
Your iron troll claws Mara!
Groucho's illusion hits your iron troll!
Mara hits your iron troll but does no damage.
Your iron troll completely misses Groucho's illusion.
Your iron troll misses Groucho's illusion.
Your iron troll claws Groucho's illusion.
Mara hits your iron troll with a +4 demon blade of freezing!
Your iron troll completely misses Groucho's illusion. x3
Groucho's illusion hits your iron troll but does no damage.
Unknown command.
Mara hits your iron troll with a +4 demon blade of freezing!!
Mara freezes your iron troll.
Your iron troll completely misses Groucho's illusion. x3
Groucho's illusion hits your iron troll!!
Mara hits your iron troll with a +4 demon blade of freezing!
Mara freezes your iron troll.
Your iron troll dies!
Your iron troll's corpse disappears in a puff of smoke!
Mara gestures at you. The bolt of fire misses you.
Your skin crawls.
You feel strong-willed.
Mara blinks!
Mara blinks!
Mara weaves an illusion.
Mara shimmers and seems to become three!
Mara blinks!
There is an open door here.
Mara blinks!
Mara misses you. Mara attacks as you move away!
Mara hits you with a +4 demon blade of freezing.
Groucho's illusion hits you!!!
Ouch! That really hurt!
Your deep troll goes berserk!
Mara gestures at you. The bolt of fire misses you.
Groucho's illusion hits you!!
* * * LOW HITPOINT WARNING * * *
Mara hits you with a +4 demon blade of freezing!!
You die...

#.#.###...#.∩∩∩∩.#...
#.#'#...§.#.∩∩∩∩.#(..
#.#.....§§#......#
#.#§.§.§..###''### #
#.§.§§§§§.#.⌠..⌠.#)..
#########.#......####
#.#.#.#.#........#
#...T............#
#..R@............#
###@##############
##.R.## ≈§≈ ####
##.....## §§.≈ #...
'###....§..###§..§§
▓'▓▓
...'.....).')§...§.
▓..#
'###..R....#####..≈#
▓..# ##.....## # ▓..#
##...## ▓..#


You could see 3 Maras, Groucho's illusion (slow) and a friendly deep troll
(summoned, berserk).

Vanquished Creatures
  Rupert (D)
  A sphinx (D)
  A vampire knight (D)
  2 dire elephants (D)
  Josephine (D)
  A fire dragon (D)
  A mummy priest (D)
  2 centaur warriors (D)
  4 death yaks (D)
  Urug (D)
  4 skeletal warriors (D)
  A golden dragon zombie (D)
  A lindwurm (D)
  2 ugly things (D)
  A deep elf pyromancer (D)
  A statue (D)
  3 crystal guardians (D)
  2 black mambas (D)
  An elephant (D)
  A molten gargoyle (D)
  2 cane toads (D)
  2 unseen horrors (D)
  A rime drake (D)
  A komodo dragon (D)
  A queen bee (D)
  3 wandering mushrooms (D)
  4 spriggan defenders (D)
  A guardian mummy (D)
  A hornet (D)
  An orc high priest (D)
  2 tyrant leeches (D)
  5 blink frogs (D)
  A shadow (D)
  2 slime creatures (D)
  3 redbacks (D)
  A spatial vortex (D)
  A swamp drake (D)
  An earth elemental (D)
  A necrophage (D)
  A water elemental (D)
  32 killer bees (D)
  A jelly (D)
  2 orc priests (D)
  Jessica (D)
  A wizard (D)
  A necromancer (D)
  3 humans (D)
  A kobold demonologist (D)
  A phantom (D)
  2 endoplasms (D)
112 creatures vanquished.

Vanquished Creatures (collateral kills)
  Sigmund (D)
  A sphinx (D)
  Gastronok (D)
  A vampire knight (D)
  A yaktaur captain (D)
  An obsidian statue (D)
  A crystal guardian (D)
  An ugly thing (D)
  An elephant (D)
  3 statues (D)
  Edmund (D)
  A guardian mummy (D)
  A hornet (D)
  3 blink frogs (D)
  A slime creature (D)
  2 centaurs (D)
21 creatures vanquished.

Vanquished Creatures (others)
  A ball lightning (D)
1 creature vanquished.

Grand Total: 134 creatures vanquished

Notes
Turn   | Place    | Note
-------+----------+-------------------------------------------
     0 | D        | Groucho the Felid Berserker began the quest for the Orb.
     0 | D        | Reached XP level 1. HP: 10/10 MP: 2/2
    15 | D        | Reached skill level 2 in Stealth
    19 | D        | Reached skill level 3 in Stealth
   113 | D        | Noticed Jessica
   118 | D        | Killed Jessica
   118 | D        | Reached ** piety under Trog
   119 | D        | Reached skill level 8 in Stealth
   119 | D        | Reached XP level 2. HP: 14/14 MP: 3/3
   119 | D        | Reached XP level 3. HP: 17/17 MP: 4/4
   314 | D        | Reached skill level 10 in Stealth
   377 | D        | Gained mutation: You are weak. (Str -2) [potion of
                  | mutation]
   377 | D        | Gained mutation: You are robust. (+10% HP) [potion of
                  | mutation]
   377 | D        | Gained mutation: You are partially covered in iridescent
                  | scales. (AC +2) [potion of mutation]
   378 | D        | Lost mutation: You are weak. (Str -2) [potion of mutation]
   378 | D        | Lost mutation: You are partially covered in iridescent
                  | scales. (AC +2) [potion of mutation]
   378 | D        | Lost mutation: You are robust. (+10% HP) [potion of
                  | mutation]
   378 | D        | Gained mutation: You are partially covered in iridescent
                  | scales. (AC +2) [potion of mutation]
   384 | D        | Noticed a water elemental
   387 | D        | Killed a water elemental
   388 | D        | Reached skill level 5 in Dodging
   388 | D        | Reached XP level 4. HP: 22/22 MP: 5/5
   392 | D        | Found a radiant altar of Vehumet.
   393 | D        | Found a shimmering blue altar of Sif Muna.
   393 | D        | Found an ancient bone altar of Kikubaaqudgha.
   393 | D        | Noticed a wizard
   394 | D        | Killed a wizard
   394 | D        | Reached *** piety under Trog
   395 | D        | Reached skill level 11 in Stealth
   397 | D        | Reached XP level 5. HP: 25/25 MP: 6/6
   415 | D        | Found a shadowy altar of Dithmenos.
   421 | D        | Reached skill level 5 in Fighting
   421 | D        | Reached skill level 5 in Unarmed Combat
   421 | D        | Found a basalt altar of Yredelemnul.
   421 | D        | Found a sacrificial altar of Ru.
   426 | D        | Reached **** piety under Trog
   427 | D        | Reached skill level 12 in Stealth
   465 | D        | Found a hide-covered altar of Uskayaw.
   465 | D        | Found an iron altar of Okawaru.
   466 | D        | Found a bloodstained altar of Trog.
   466 | D        | Found an ornate altar of the Wu Jian Council.
   466 | D        | Noticed a human
   466 | D        | Noticed a human
   468 | D        | Killed a human
   469 | D        | Reached skill level 13 in Stealth
   469 | D        | Gained mutation: You are covered in thick fur. (AC +2)
                  | [Felid growth]
   469 | D        | Reached XP level 6. HP: 31/31 MP: 7/7
   469 | D        | Killed a human
   470 | D        | Reached XP level 7. HP: 36/36 MP: 8/8
   480 | D        | Found a glowing silver altar of Zin.
   481 | D        | Found a glowing golden altar of the Shining One.
   481 | D        | Found a white marble altar of Elyvilon.
   481 | D        | Noticed a deep elf pyromancer
   483 | D        | Killed a deep elf pyromancer
   483 | D        | Reached ***** piety under Trog
   484 | D        | Reached skill level 14 in Stealth
   496 | D        | Noticed a shadow
   508 | D        | Killed a shadow
   509 | D        | Reached skill level 15 in Stealth
   509 | D        | Reached XP level 8. HP: 41/41 MP: 9/9
   547 | D        | Found a blossoming altar of Fedhas.
   547 | D        | Found a stormy altar of Qazlal.
   547 | D        | Found a snail-covered altar of Cheibriados.
   547 | D        | Found a burning altar of Makhleb.
   547 | D        | Found a shimmering altar of Xom.
   591 | D        | Found a hazy altar of Hepliaklqana.
   591 | D        | Found an opulent altar of Gozag.
   591 | D        | Found a sparkling altar of Nemelex Xobeh.
   591 | D        | Found a corrupted altar of Lugonu.
   591 | D        | Found a viscous altar of Jiyva.
   603 | D        | Noticed Josephine
   623 | D        | Killed Josephine
   624 | D        | Reached skill level 16 in Stealth
   909 | D        | Reached skill level 10 in Fighting
   909 | D        | Reached skill level 10 in Unarmed Combat
   913 | D        | Noticed a centaur warrior
   917 | D        | Reached XP level 9. HP: 46/46 MP: 10/10
   919 | D        | Killed a centaur warrior
   920 | D        | Reached skill level 17 in Stealth
  1077 | D        | Noticed an unseen horror
  1077 | D        | Noticed an unseen horror
  1078 | D        | Killed an unseen horror
  1080 | D        | Killed an unseen horror
  1088 | D        | Noticed Sigmund
  1088 | D        | Noticed Edmund
  1106 | D        | Killed Edmund
  1107 | D        | Reached skill level 18 in Stealth
  1111 | D        | Killed Sigmund
  1112 | D        | Reached skill level 19 in Stealth
  1112 | D        | Reached XP level 10. HP: 30/54 MP: 11/11
  1289 | D        | Noticed a cane toad
  1289 | D        | Noticed a cane toad
  1297 | D        | Killed a cane toad
  1299 | D        | Killed a cane toad
  1299 | D        | Reached ****** piety under Trog
  1303 | D        | Reached skill level 20 in Stealth
  1739 | D        | Noticed a lindwurm
  1742 | D        | Killed a lindwurm
  1743 | D        | Reached XP level 11. HP: 58/58 MP: 12/12
  1750 | D        | Noticed Urug
  1752 | D        | Killed Urug
  1800 | D        | Reached skill level 21 in Stealth
  2064 | D        | Noticed Rupert
  2068 | D        | Killed Rupert
  2075 | D        | Noticed a death yak
  2076 | D        | Noticed a death yak
  2095 | D        | Killed a death yak
  2390 | D        | Killed a death yak
  2391 | D        | Noticed an azure jelly
  2391 | D        | Noticed a death yak
  2391 | D        | Noticed an azure jelly
  2391 | D        | Noticed a death yak
  2394 | D        | Killed a death yak
  2395 | D        | Reached skill level 22 in Stealth
  2397 | D        | Reached skill level 15 in Fighting
  2397 | D        | Reached skill level 15 in Unarmed Combat
  2397 | D        | Killed a death yak
  2707 | D        | Noticed an azure jelly
  2707 | D        | Noticed an azure jelly
  2708 | D        | Noticed a dire elephant
  2708 | D        | Noticed a dire elephant
  2708 | D        | Noticed Gastronok
  2723 | D        | Killed a dire elephant
  2724 | D        | Gained mutation: Your thick and shaggy fur keeps you warm.
                  | (AC +3, rC+) [Felid growth]
  2724 | D        | Reached XP level 12. HP: 21/66 MP: 13/13
  2727 | D        | Killed from afar by Gastronok
  2728 | D        | Reached XP level 11. HP: -10/61 MP: 12/12
  2747 | D        | Killed a dire elephant
  2752 | D        | Reached skill level 23 in Stealth
  2762 | D        | Killed Gastronok
  3156 | D        | Noticed a sixfirhy
  3157 | D        | Noticed a soul eater
  3157 | D        | Noticed a yaktaur captain
  3512 | D        | Noticed a skeletal warrior
  3528 | D        | Noticed an obsidian statue
  3537 | D        | Killed an obsidian statue
  3538 | D        | Reached skill level 1 in Evocations
  3901 | D        | Noticed a white ugly thing
  3918 | D        | Killed a white ugly thing
  4231 | D        | Noticed a fire dragon
  4235 | D        | Killed a fire dragon
  4236 | D        | Reached skill level 24 in Stealth
  4239 | D        | Noticed a centaur warrior
  4243 | D        | Killed a centaur warrior
  4253 | D        | Noticed a brown ugly thing
  4267 | D        | Killed a brown ugly thing
  4268 | D        | Reached XP level 12. HP: 67/67 MP: 13/13
  4514 | D        | Noticed a yaktaur captain
  4521 | D        | Shot with a bolt by a yaktaur captain
  4522 | D        | Reached XP level 11. HP: -2/63 MP: 6/12
  4540 | D        | Killed a cyan ugly thing
  4548 | D        | Killed a yaktaur captain
  4549 | D        | Reached skill level 5 in Evocations
  5139 | D        | Noticed a sphinx
  5139 | D        | Noticed a sphinx
  5156 | D        | Killed a sphinx
  5180 | D        | Killed a sphinx
  5714 | D        | Noticed a skeletal warrior
  5714 | D        | Noticed a skeletal warrior
  5714 | D        | Noticed a skeletal warrior
  5714 | D        | Noticed a skeletal warrior
  5731 | D        | Killed a skeletal warrior
  5736 | D        | Killed a skeletal warrior
  5814 | D        | Killed a skeletal warrior
  5815 | D        | Reached skill level 25 in Stealth
  5816 | D        | Killed a skeletal warrior
  5817 | D        | Noticed an ancient lich
  5847 | D        | Noticed Chuck
  6115 | D        | Noticed a crystal guardian
  6115 | D        | Noticed a crystal guardian
  6115 | D        | Noticed a crystal guardian
  6129 | D        | Killed a crystal guardian
  6264 | D        | Noticed a mummy priest
  6275 | D        | Killed a mummy priest
  6276 | D        | Reached XP level 12. HP: 57/69 MP: 13/13
  6304 | D        | Paralysed by a hornet for 2 turns
  6309 | D        | Paralysed by a hornet for 1 turns
  6365 | D        | Found Kidemees's Antique Weapon Emporium.
  6365 | D        | Found Nuurph's Jewellery Shop.
  6365 | D        | Found Ymai's Book Boutique.
  6365 | D        | Found Loinnur's Antique Weapon Shoppe.
  6365 | D        | Found Xuklelatz's Jewellery Boutique.
  6365 | D        | Found Lefaddia's Book Emporium.
  6365 | D        | Found Fextar's Antique Weapon Shoppe.
  6365 | D        | Found Coesha's Distillery.
  6365 | D        | Found Qoluar's Antique Armour Shop.
  6365 | D        | Found Efae's Distillery.
  6365 | D        | Found Uluc Lalael's Magic Scroll Boutique.
  6475 | D        | Noticed a vampire knight
  6484 | D        | Noticed a vampire knight
  6485 | D        | Killed a vampire knight
  6488 | D        | Noticed Mara
  6492 | D        | Killed a vampire knight
  6496 | D        | Noticed Groucho's illusion
  6513 | D        | HP: 3/69 [Groucho's illusion (illusionary)[Mara] (25)]
  6513 | D        | Annihilated by Mara

Illustrated notes

Levels and vault maps discovered:
D:        dungeon_sprint_mu [sprint_mu_entry_cave, sprint_mu_temple_rooms,
          sprint_mu_d1_horrors, sprint_mu_d2_genie, sprint_mu_d3_branching,
          sprint_mu_orc_legion, sprint_mu_elf_gauntlet, sprint_mu_hive_nellie,
          sprint_mu_lair_fedhas, sprint_mu_vaults_butterflies,
          sprint_mu_slime_circle, sprint_mu_swamp_cave, sprint_mu_shoals_archi,
          sprint_mu_blade_basic, sprint_mu_crypt_lich, sprint_mu_tomb_spiral,
          sprint_mu_vestibule_basic, sprint_mu_gehenna_hellfire,
          sprint_mu_dis_giant, sprint_mu_tartarus_statrot,
          sprint_mu_cocytus_islands, sprint_mu_zot1]

Skill      XL: |  1  2  3  4  5  6  7  8  9 10 11 12 |
---------------+-------------------------------------+-----
Stealth        | 8 10 11 13 15 16 19 20 25 | 25.8
Fighting       | 4 6 7 8 10 12 13 17 18 | 18.1
Dodging        | 5 6 8 9 11 13 16 17 22 | 22.8
Unarmed Combat | 4 6 7 8 10 12 13 17 18 | 18.1
Evocations     | 8 9 |  9.3

Action                     |  1- 3 |  4- 6 |  7- 9 | 10-12 || total
---------------------------+-------+-------+-------+-------++-------
  Melee: Unarmed           |    20 |    12 |    43 |   248 ||   323
         Bite              |     2 |     2 |     6 |    28 ||    38
         Punch             |       |       |     1 |    28 ||    29
 Invoke: Berserk           |     3 |     1 |     4 |    10 ||    18
         Trog's Hand       |       |     1 |     2 |    14 ||    17
         Brothers in Arms  |       |       |     2 |    13 ||    15
    Use: Potion            |     2 |       |     2 |     6 ||    10
   Stab: Sleeping          |     1 |     4 |     6 |    33 ||    44
         Invisible         |       |       |       |    23 ||    23
         Distracted        |       |       |       |     2 ||     2
 Armour: Skin              |       |     1 |     4 |    12 ||    17
  Dodge: Dodged            |    11 |     4 |    27 |   262 ||   304
